 Dungeon Crawl Stone Soup version 0.25-a0-566-g062765be81 (webtiles) character file.

Game seed: 9936444648869443401, levelgen mode: deterministic

3788 vurker the Magician (level 10, -5/77 HPs)
             Began as a Gnoll Skald on Feb 28, 2020.
             Was a Follower of Cheibriados.
             Slain by a black bear (8 damage)
             ... on level 8 of the Dungeon.
             The game lasted 00:16:31 (11137 turns).

vurker the Magician (Gnoll Skald)                  Turns: 11137, Time: 00:16:32

Health: -5/77      AC:  5    Str: 15    XL:     10   Next: 16%
Magic:  20/20      EV: 14    Int: 21    God:    Cheibriados [*.....]
Gold:   460        SH: 10    Dex: 17    Spells: 18/23 levels left

rFire    + . .     SeeInvis +   q - +2 whip (elec)
rCold    + . .     Gourm    .   o - +0 kite shield
rNeg     + . .     Faith    .   d - +2 leather armour {rPois}
rPois    +         Spirit   .   (no helmet)
rElec    .         Reflect  .   p - scarf {rC+ rF+}
rCorr    .         Harm     .   (no gloves)
MR       .....                  (no boots)
Stlth    +++.......             (no amulet)
HPRegen  0.22/turn              f - ring of positive energy
MPRegen  0.17/turn              n - ring of see invisible

@: mighty, very slow
A: distributed training, fangs 1, strong nose
a: Bend Time, Renounce Religion


You were on level 8 of the Dungeon.
You worshipped Cheibriados.
Cheibriados was aware of your devotion.
You were hungry.

You visited 2 branches of the dungeon, and saw 9 of its levels.
You also visited: Ossuary.

You collected 460 gold pieces.

Inventory:

Hand Weapons
 q - a +2 whip of electrocution (weapon)
   (You took it off Pikel on level 5 of the Dungeon)
Armour
 d - a +2 leather armour of poison resistance (worn)
   (You found it on level 6 of the Dungeon)
 o - a +0 kite shield (worn)
   (You found it on level 2 of the Dungeon)
 p - a scarf of resistance (worn)
   (You found it on level 2 of the Dungeon)
Jewellery
 f - a ring of positive energy (left hand)
   (You found it on level 1 of the Dungeon)
 n - a ring of see invisible (right hand)
   (You found it on level 4 of the Dungeon)
Wands
 t - a wand of flame (14)
   (You found it on level 5 of the Dungeon)
Scrolls
 a - a scroll of noise {unknown}
 c - a scroll of blinking
 g - 5 scrolls of teleportation
 h - a scroll of magic mapping
 i - 3 scrolls of remove curse
 l - 2 scrolls of enchant armour
Potions
 b - a potion of invisibility
 j - 3 potions of haste
 k - a potion of magic
 m - 2 potions of flight
 r - a potion of resistance {unknown}
Comestibles
 e - 7 rations


   Skills:
 + Level 6.8 Fighting
 + Level 4.9 Short Blades
 + Level 4.9 Long Blades
 + Level 4.9 Axes
 + Level 4.9 Maces & Flails
 + Level 6.8 Polearms
 + Level 4.9 Staves
 + Level 4.9 Slings
 + Level 4.9 Bows
 + Level 4.9 Crossbows
 + Level 4.9 Throwing
 + Level 5.6 Armour
 + Level 6.8 Dodging
 + Level 4.9 Stealth
 + Level 4.9 Shields
 + Level 4.9 Unarmed Combat
 + Level 7.1 Spellcasting
 + Level 4.0 Conjurations
 + Level 4.0 Hexes
 + Level 6.9 Charms
 + Level 4.0 Summonings
 + Level 4.0 Necromancy
 + Level 4.0 Translocations
 + Level 4.0 Transmutations
 + Level 4.0 Fire Magic
 + Level 4.0 Ice Magic
 + Level 4.0 Air Magic
 + Level 4.0 Earth Magic
 + Level 4.0 Poison Magic
 + Level 5.4 Invocations
 + Level 4.9 Evocations


You had 18 spell levels left.
You knew the following spells:

 Your Spells              Type           Power        Failure   Level  Hunger
a - Spectral Weapon       Hex/Chrm       ####....     12%         3    #......
q - Song of Slaying       Chrm           #####...     3%          2    None

Your spell library contained the following spells:

 Spells                   Type           Power        Failure   Level  Hunger
 Infusion                 Chrm           ####         2%          1    None
 Shroud of Golubria       Chrm/Tloc      ####..       6%          2    None
 Corona                   Hex            ###....      8%          1    None
 Ensorcelled Hibernation  Hex/Ice        ###...       11%         2    None
 Ozocubu's Armour         Chrm/Ice       ####....     12%         3    #......
 Confusing Touch          Hex            ###.....     22%         3    #......
 Dazzling Flash           Conj/Hex       ###...       22%         3    #......
 Tukima's Dance           Hex            ###.....     22%         3    #......


Dungeon Overview and Level Annotations

Branches:
Dungeon (8/15)             Temple (1/1) D:5         Ossuary (visited)
   Lair: D:8-11

Altars:
Ashenzari
Cheibriados
Dithmenos
Elyvilon
Fedhas
Gozag
Hepliaklqana
Kikubaaqudgha
Makhleb
Nemelex Xobeh
Okawaru
Qazlal
Ru
Sif Muna
Trog
Uskayaw
Vehumet
Wu Jian
Xom
Yredelemnul
Zin
The Shining One

Annotations:
D:4 3 runed translucent doors, Flugslaktarn's ghost, amateur DDFi; kae's ghost, novice KoEn


Innate Abilities, Weirdness & Mutations

Your experience applies equally to all skills.
You have very sharp teeth.
Your uncanny sense of smell can sniff out nearby items.


Message History

No target in view!
No target in view!
No target in view!
Things that are here:
a cursed +0 shortbow; 24 arrows A two-headed ogre comes into view.
It is wielding two +0 giant clubs.
A two-headed ogre is nearby!
A two-headed ogre is nearby!
You hit the two-headed ogre.
Lightning courses through the two-headed ogre!
The two-headed ogre hits you with a +0 giant club!!
The two-headed ogre misses you.
You hear an angry growl.
You hit the two-headed ogre.
Lightning courses through the two-headed ogre!!
A black bear comes into view.
You hit the two-headed ogre but do no damage.
You bite the two-headed ogre, but do no damage.
The two-headed ogre hits you with a +0 giant club!
* * * LOW HITPOINT WARNING * * *
The two-headed ogre hits you with a +0 giant club!
* * * LOW HITPOINT WARNING * * *
You hit the two-headed ogre.
The two-headed ogre hits you with a +0 giant club!
* * * LOW HITPOINT WARNING * * *
The two-headed ogre hits you with a +0 giant club!
* * * LOW HITPOINT WARNING * * *
Okay, then.
You hit the two-headed ogre.
Lightning courses through the two-headed ogre!
You kill the two-headed ogre!
Cheibriados appreciates the change of pace.
Your Spellcasting skill increases to level 7!
Your Conjurations skill increases to level 4!
Your Hexes skill increases to level 4!
Your Summonings skill increases to level 4!
Your Necromancy skill increases to level 4!
Your Translocations skill increases to level 4!
Your Transmutations skill increases to level 4!
Your Fire Magic skill increases to level 4!
Your Ice Magic skill increases to level 4!
Your Air Magic skill increases to level 4!
Your Earth Magic skill increases to level 4!
Your Poison Magic skill increases to level 4!
You have reached level 10!
Unknown command.
Unknown command.
You feel very mighty all of a sudden. The black bear bites you!
You die...

###### .## #..^.#
.... .....#
##.###....# ∆
.........+
#####.#..h...#
......#..@...#
#..........#
#######.###.#..###.
.......<...).......
################.#..
... ∆ ##.


You could see a black bear.

Vanquished Creatures
  2 two-headed ogres
  Pikel (D:5)
  Eustachio (D:4)
  A wraith (D:5)
  A hungry ghost (D:6)
  A water moccasin (D:7)
  Menkaure (Ossuary)
  A sky beast (D:5)
  2 slaves
  3 ogres
  2 centaurs
  3 bullfrogs
  A scorpion (D:4)
  A howler monkey (D:2)
  4 crimson imps
  4 hounds (D:5)
  3 bullfrog skeletons
  An orc wizard (D:7)
  An iguana (D:7)
  2 worker ants
  A hound zombie (D:5)
  3 mummies (Ossuary)
  A howler monkey zombie (D:7)
  A worker ant zombie (D:5)
  3 adders
  An adder zombie (D:5)
  An ooze (D:3)
  An adder skeleton (D:6)
  A worm (D:3)
  A dart slug (D:3)
  5 leopard geckos
  8 orcs
  7 bats
  5 giant cockroaches
  13 goblins
  10 hobgoblins
  3 jackals
  4 quokkas
  5 frilled lizards
  5 gnoll skeletons (Ossuary)
  4 gnoll zombies (Ossuary)
  2 goblin skeletons (Ossuary)
  3 goblin zombies (Ossuary)
  7 hobgoblin skeletons (Ossuary)
  4 hobgoblin zombies (Ossuary)
  A jackal skeleton (D:6)
  11 kobolds
  A kobold skeleton (Ossuary)
  A kobold zombie (Ossuary)
  3 orc skeletons (Ossuary)
  5 orc zombies (Ossuary)
  A quokka skeleton (D:5)
  7 rats
  4 rat skeletons (Ossuary)
  8 rat zombies (Ossuary)
177 creatures vanquished.

Vanquished Creatures (others)
  A shadow imp (D:7)
  An orc (D:7)
  2 orc skeletons (Ossuary)
  A rat skeleton (Ossuary)
  A bush (D:6)
  A spectral weapon (D:4)
7 creatures vanquished.

Grand Total: 184 creatures vanquished

Notes
Turn   | Place    | Note
-------+----------+-------------------------------------------
     0 | D:1      | vurker the Gnoll Skald began the quest for the Orb.
     0 | D:1      | Reached XP level 1. HP: 20/20 MP: 6/6
   124 | D:1      | Reached XP level 2. HP: 19/26 MP: 7/7
   706 | D:1      | Reached XP level 3. HP: 24/31 MP: 9/9
   845 | D:1      | Reached skill level 5 in Spellcasting
  1215 | D:2      | Reached skill level 1 in Invocations
  1440 | D:2      | Reached skill level 1 in Short Blades
  1440 | D:2      | Reached skill level 1 in Long Blades
  1440 | D:2      | Reached skill level 1 in Axes
  1440 | D:2      | Reached skill level 1 in Maces & Flails
  1440 | D:2      | Reached skill level 1 in Staves
  1440 | D:2      | Reached skill level 1 in Slings
  1440 | D:2      | Reached skill level 1 in Bows
  1440 | D:2      | Reached skill level 1 in Crossbows
  1440 | D:2      | Reached skill level 1 in Throwing
  1440 | D:2      | Reached skill level 1 in Stealth
  1440 | D:2      | Reached skill level 1 in Shields
  1440 | D:2      | Reached skill level 1 in Unarmed Combat
  1440 | D:2      | Reached skill level 1 in Evocations
  1440 | D:2      | Reached XP level 4. HP: 30/38 MP: 11/11
  1666 | D:2      | Reached skill level 1 in Conjurations
  1666 | D:2      | Reached skill level 1 in Hexes
  1666 | D:2      | Reached skill level 1 in Summonings
  1666 | D:2      | Reached skill level 1 in Necromancy
  1666 | D:2      | Reached skill level 1 in Translocations
  1666 | D:2      | Reached skill level 1 in Transmutations
  1666 | D:2      | Reached skill level 1 in Fire Magic
  1666 | D:2      | Reached skill level 1 in Ice Magic
  1666 | D:2      | Reached skill level 1 in Air Magic
  1666 | D:2      | Reached skill level 1 in Earth Magic
  1666 | D:2      | Reached skill level 1 in Poison Magic
  2100 | D:3      | Found a hide-covered altar of Uskayaw.
  2152 | D:3      | Learned a level 2 spell: Song of Slaying
  2156 | D:3      | Learned a level 3 spell: Spectral Weapon
  2528 | D:3      | Reached XP level 5. HP: 39/43 MP: 8/12
  2798 | D:3      | Found a shimmering blue altar of Sif Muna.
  3243 | D:3      | Found a sacrificial altar of Ru.
  3469 | D:4      | Found a sand-covered staircase.
  3478 | Ossuary  | Entered an ossuary
  4273 | Ossuary  | Noticed Menkaure
  4329 | Ossuary  | Killed Menkaure
  4329 | Ossuary  | Reached skill level 5 in Fighting
  4329 | Ossuary  | Reached skill level 5 in Polearms
  4329 | Ossuary  | Reached skill level 5 in Dodging
  4329 | Ossuary  | Reached XP level 6. HP: 14/51 MP: 10/14
  4982 | D:4      | Reached XP level 7. HP: 47/56 MP: 11/15
  5280 | D:4      | Found a basalt altar of Yredelemnul.
  5393 | D:4      | Found a runed translucent gate.
  5393 | D:4      | Found a runed translucent gate.
  5393 | D:4      | Found a runed translucent gate.
  5393 | D:4      | Noticed Flugslaktarn's ghost (amateur DDFi)
  5394 | D:4      | Noticed kae's ghost (novice KoEn)
  5590 | D:5      | Entered Level 5 of the Dungeon
  5641 | D:5      | Found a staircase to the Ecumenical Temple.
  5655 | Temple   | Entered the Ecumenical Temple
  6252 | D:5      | Noticed Eustachio
  6657 | D:4      | Killed Eustachio
  6794 | D:5      | Noticed a wraith
  6817 | D:5      | Killed a wraith
  6817 | D:5      | Reached XP level 8. HP: 20/63 MP: 12/16
  7449 | D:5      | Found a snail-covered altar of Cheibriados.
  7450 | D:5      | Found a sparkling altar of Nemelex Xobeh.
  7450 | D:5      | Found a shattered altar of Ashenzari.
  7452 | D:5      | Found a shadowy altar of Dithmenos.
  7457 | D:5      | Became a worshipper of Cheibriados the Contemplative
  7516 | D:5      | Noticed Pikel
  7987 | D:5      | Killed Pikel
  7987 | D:5      | Reached skill level 6 in Spellcasting
  8399 | D:6      | Found a blossoming altar of Fedhas.
  8693 | D:6      | Reached XP level 9. HP: 58/69 MP: 18/18
  9033 | D:6      | Found a radiant altar of Vehumet.
  9034 | D:6      | Found a burning altar of Makhleb.
  9105 | D:6      | Noticed a two-headed ogre
  9120 | D:6      | Killed a two-headed ogre
  9120 | D:6      | Reached skill level 5 in Armour
  9768 | D:7      | Found a shimmering altar of Xom.
  9784 | D:7      | Reached * piety under Cheibriados
 10113 | D:7      | Reached skill level 5 in Invocations
 10160 | D:7      | Found an ornate altar of the Wu Jian Council.
 11129 | D:8      | Noticed a two-headed ogre
 11135 | D:8      | HP: 2/71 [two-headed ogre/+0 giant club (10)]
 11136 | D:8      | Killed a two-headed ogre
 11136 | D:8      | Reached skill level 7 in Spellcasting
 11136 | D:8      | Reached XP level 10. HP: 3/77 MP: 20/20
 11137 | D:8      | Slain by a black bear

Levels and vault maps discovered:
D:1:      dpeg_arrival_oval, layout_basic, kennysheep_pointless_box,
          minmay_misc_feat_doors, minmay_crystal_room
D:2:      layout_basic, minivault_24
D:3:      layout_loops_ring, old_standard_altar, lemuel_blue_sif_altar,
          marbit_many_paths, kennysheep_potato
D:4:      layout_gridville, lemuel_crystal_altar, gammafunk_ghost_cemetery,
          first_ration, lightli_ossuary_entry_decrepit_ruins,
          kennysheep_generic_room_12
D:5:      layout_loops_corners, grunt_temple_overflow_open,
          minmay_temple_entry_purple_smoke, grunt_decor_cap, st_stairs_8,
          uniq_eustachio, uniq_pikel, uniq_menkaure
D:6:      minmay_cornered_nines, layout_basic,
          grunt_temple_overflow_lords_of_destruction,
          fedhas_bush_and_centaur_altar
D:7:      layout_layer_cave, xom_confusion_cloud, lemuel_doored_altar
D:8:      layout_basic, trog_butcher_becter
Temple:   jpeg_temple_island

Skill      XL: |  1  2  3  4  5  6  7  8  9 |
---------------+----------------------------+-----
Spellcasting   | 5 6 7 |  7.1
Invocations    | 1 2 3 4 5 |  5.4
Short Blades   | 1 2 3 4 |  4.9
Long Blades    | 1 2 3 4 |  4.9
Axes           | 1 2 3 4 |  4.9
Maces & Flails | 1 2 3 4 |  4.9
Staves         | 1 2 3 4 |  4.9
Slings         | 1 2 3 4 |  4.9
Bows           | 1 2 3 4 |  4.9
Crossbows      | 1 2 3 4 |  4.9
Throwing       | 1 2 3 4 |  4.9
Stealth        | 1 2 3 4 |  4.9
Shields        | 1 2 3 4 |  4.9
Unarmed Combat | 1 2 3 4 |  4.9
Evocations     | 1 2 3 4 |  4.9
Conjurations   | 1 2 3 4 |  4.0
Hexes          | 1 2 3 4 |  4.0
Summonings     | 1 2 3 4 |  4.0
Necromancy     | 1 2 3 4 |  4.0
Translocations | 1 2 3 4 |  4.0
Transmutations | 1 2 3 4 |  4.0
Fire Magic     | 1 2 3 4 |  4.0
Ice Magic      | 1 2 3 4 |  4.0
Air Magic      | 1 2 3 4 |  4.0
Earth Magic    | 1 2 3 4 |  4.0
Poison Magic   | 1 2 3 4 |  4.0
Armour         | 3 4 5 |  5.6
Fighting       | 5 6 |  6.8
Polearms       | 5 6 |  6.8
Dodging        | 5 6 |  6.8
Charms         | 6 |  6.9

Action                   |  1- 3 |  4- 6 |  7- 9 | 10-12 || total
-------------------------+-------+-------+-------+-------++-------
Melee: Spear             |   178 |   323 |   273 |       ||   774
       Bite              |     9 |    36 |    63 |       ||   108
       Punch             |       |     2 |     6 |       ||     8
       Whip              |       |       |   167 |       ||   167
       Unarmed           |       |       |     4 |       ||     4
 Cast: Spectral Weapon   |       |    14 |    15 |       ||    29
       Song of Slaying   |       |       |     1 |       ||     1
Evoke: Wand              |       |       |     3 |       ||     3
  Use: Potion            |       |     2 |     5 |     1 ||     8
       Scroll            |       |       |    15 |       ||    15
 Stab: Sleeping          |     3 |     2 |     6 |       ||    11
       Distracted        |       |       |     1 |       ||     1
       Invisible         |       |       |     3 |       ||     3
  Eat: Chunk             |     2 |     6 |    10 |       ||    18
       Ration            |       |     2 |     3 |       ||     5
Armor: Leather armour    |    18 |    20 |    40 |       ||    78
       Skin              |       |     4 |       |       ||     4
Dodge: Dodged            |    81 |   109 |   302 |       ||   492
Block: Kite shield       |       |       |     3 |       ||     3

Table legend:
 A = Non-vault XP
 B = Vault XP
 C = Vault XP percentage of total XP
 D = Non-vault monster count
 E = Vault monster count
 F = Vault count percentage of total count
                 A         B        C        D         E       F
            +---------+---------+-------+---------+---------+-------
      Total |    2912 |    2500 |  46.2 |     105 |      68 |  39.3
            +---------+---------+-------+---------+---------+-------
        D:1 |      43 |       0 |   0.0 |      27 |       0 |   0.0
        D:2 |      94 |       0 |   0.0 |      19 |       0 |   0.0
        D:3 |      48 |      17 |  26.2 |      20 |       4 |  16.7
        D:4 |     238 |     219 |  47.9 |       5 |       2 |  28.6
        D:5 |     604 |     649 |  51.8 |      14 |       2 |  12.5
        D:6 |     427 |    1273 |  74.9 |       9 |       5 |  35.7
        D:7 |     447 |      84 |  15.8 |       9 |       6 |  40.0
        D:8 |    1011 |       0 |   0.0 |       2 |       0 |   0.0
    Ossuary |       0 |     258 | 100.0 |       0 |      49 | 100.0
            +---------+---------+-------+---------+---------+-------
